 Dungeon Crawl Stone Soup version 0.17-a0-1332-g9db7d08 (webtiles) character file.

3 MackTheKnife the Caller (level 1, -1/7 HPs)
             Began as a Felid Summoner on June 10, 2015.
             Slain by a giant cockroach (2 damage)
             ... on level 1 of the Dungeon.
             The game lasted 00:00:52 (139 turns).

MackTheKnife the Caller (Felid Summoner)             Turns: 139, Time: 00:00:52

Health: -1/7       AC:  1    Str:  4    XL:     1   Next: 41%
Magic:  1/4        EV: 18    Int: 16    God:
Gold:   0          SH:  0    Dex: 16    Spells: 1 memorised, 3 levels left
                                        Lives:  0   Deaths: 0

rFire  . . .     SeeInvis +     (weapon unavailable)
rCold  . . .     Clarity  .     (armour unavailable)
rNeg   . . .     SustAt   .     (shield unavailable)
rPois  .         Gourm    .     (helmet unavailable)
rElec  .         Spirit   .     (cloak unavailable)
rCorr  .         Warding  .     (gloves unavailable)
rMut   .         Stasis   .     (boots unavailable)
MR     .....                    (no amulet)
Stlth  +.........               (no ring)
                                (no ring)

@: very slightly contaminated, quick, not resistant to hostile enchantments,
very unstealthy
A: no armour, no weapons or thrown items, claws 1, fangs 3, see invisible,
carnivore 3, speed 1, shaggy fur 1, slow metabolism 1, sharp paws
a: no special abilities


You were on level 1 of the Dungeon.
You were full.

You visited 1 branch of the dungeon, and saw 1 of its levels.

Inventory:

Books
 a - a book of Callings
Comestibles
 b - a meat ration {@e2}


   Skills:
 - Level 2.6 Dodging
 - Level 2.6 Stealth
 + Level 2.1 Spellcasting
 + Level 4.1 Summonings


You had 3 spell levels left.
You knew the following spells:

 Your Spells              Type           Power        Failure   Level  Hunger
a - Summon Small Mammal   Summ           ##..         4%          1    #......


Dungeon Overview and Level Annotations

Branches:
Dungeon (1/15)

Altars:


Innate Abilities, Weirdness & Mutations

You cannot wear armour.
You are incapable of wielding weapons or throwing items.
You have sharp claws.
You have razor-sharp teeth.
You have supernaturally acute eyesight.
You are carnivorous and can eat meat at any time.
You cover ground quickly.
You are covered in fur (AC +1).
You have a slow metabolism.
Your sharp claws are effective at attacking unaware monsters.


Message History

Eating one of 2 chunks of flesh {@w0}.
This raw flesh tastes great.
Your rat disappears in a puff of smoke!
You continue eating. x2
Eating a chunk of flesh {@w0}.
This raw flesh tastes great.
You continue eating. x2
MP restored: 4 You enter the shallow water.
Moving in this stuff is going to be slow.
You scratch the kobold but do no damage.
You barely miss the kobold. The kobold hits you but does no damage.
You scratch the kobold.
The kobold begins to bleed from its wounds!
The kobold misses you.
You scratch the kobold but do no damage.
The kobold barely misses you.
You closely miss the kobold. The kobold hits you with a whip.
You take 1 damage, and have 6/7 hp.
You scratch the kobold.
You kill the kobold!
Things that are here:
a whip; a kobold corpse You enter the shallow water.
Moving in this stuff is going to be slow.
You enter the shallow water.
Moving in this stuff is going to be slow.
You enter the shallow water.
Moving in this stuff is going to be slow.
A giant cockroach comes into view.
A giant cockroach is nearby!
The giant cockroach moves out of view.
You don't know that spell.
You don't know that spell.
Unknown command.
You see here 13 stones.
You miscast Summon Small Mammal.
You are very lightly contaminated with residual magic.
Nothing appears to happen.
You now have 3/4 mp.
You now have 2/4 mp.
Unknown command.
You now have 1/4 mp.
Unknown command.
You barely miss the giant cockroach. The giant cockroach misses you.
The giant cockroach bites you but does no damage.
Your rat barely misses the giant cockroach.
You scratch the giant cockroach. The giant cockroach bites you.
Your rat closely misses the giant cockroach.
You take 2 damage, and have 4/7 hp.
MASSIVE DAMAGE!!
You scratch the giant cockroach. The giant cockroach bites you.
Your rat barely misses the giant cockroach.
You take 1 damage, and have 3/7 hp.
You barely miss the giant cockroach. The giant cockroach bites you.
* * * LOW HITPOINT WARNING * * *
Your rat bites the giant cockroach but does no damage.
You take 1 damage, and have 2/7 hp.
You scratch the giant cockroach but do no damage.
The giant cockroach closely misses you.
Your rat closely misses the giant cockroach.
Unknown command.
Your bat barely misses the giant cockroach.
Your bat closely misses the giant cockroach.
Your bat hits the giant cockroach but does no damage.
The giant cockroach bites you.
* * * LOW HITPOINT WARNING * * *
Your rat barely misses the giant cockroach.
Your bat closely misses the giant cockroach.
The giant cockroach misses you.
You take 1 damage, and have 1/7 hp.
Your bat closely misses the giant cockroach.
The giant cockroach misses your bat.
Your rat bites the giant cockroach but does no damage.
The giant cockroach completely misses your rat.
Your rat bites the giant cockroach.
Your bat hits the giant cockroach but does no damage.
The giant cockroach barely misses your rat.
Your bat hits the giant cockroach but does no damage.
The giant cockroach closely misses your rat.
Your rat barely misses the giant cockroach.
The giant cockroach bites your rat.
Your rat dies!
Your rat's corpse disappears in a puff of smoke!
Your bat closely misses the giant cockroach.
Your bat hits the giant cockroach but does no damage.
You now have 1/4 mp.
Unknown command.
Your bat hits the giant cockroach but does no damage.
Your quokka bites the giant cockroach.
Unknown command.
You enter the shallow water.
Moving in this stuff is going to be slow.
Your bat barely misses the giant cockroach.
Your bat hits the giant cockroach but does no damage.
Your bat misses the giant cockroach.
Your bat hits the giant cockroach but does no damage.
Your bat barely misses the giant cockroach.
Your quokka closely misses the giant cockroach.
The giant cockroach completely misses you.
The giant cockroach bites you.
You die...

.. ##### ..# #.(.# # .h
#.#.###### #...#.#.#......#
#..............+
....(...#......#
..#######r###### #.
#.....bs################
#..#.###≈≈≈@≈≈≈≈≈≈≈≈÷≈≈≈≈≈#
##.......≈..8.)........8..≈#
.........≈.##############.≈#
.##......≈8#.#.≈≈.#≈≈≈≈≈#8≈#
#######≈.#.#.≈≈.#≈...≈#.≈#
#≈.#.#.≈≈.#≈.#.≈#.≈#
#≈.#.#.§§.#≈.#.≈#8≈#
#≈.#.#.≈≈.#≈.#.≈#.≈##
#≈.#.'....'..#..'...#


You could see a giant cockroach, a friendly quokka and a friendly bat.

Vanquished Creatures
  A jackal (D:1)
  A kobold (D:1)
  A rat (D:1)
3 creatures vanquished.

Notes
Turn   | Place    | Note
--------------------------------------------------------------
     0 | D:1      | MackTheKnife the Felid Summoner began the quest for the Orb.
     0 | D:1      | Reached XP level 1. HP: 7/7 MP: 4/4
   127 | D:1      | HP: 1/7 [giant cockroach (1)]
   139 | D:1      | Slain by a giant cockroach

Vault maps used:
D:1:      lightli_arrival_isolated_outpost

Action                   || total
-------------------------++-------
Melee: Unarmed           ||    19
 Cast: Summon Small Mamm ||     5
  Eat: Chunk             ||     3

Vault maps used:
D:1:      lightli_arrival_isolated_outpost

Table legend:
 A = Turns spent in this place as a percentage of turns spent in the entire game.
 B = Non-inter-level travel turns spent in this place as a percentage of non-inter-level travel turns spent in the entire game.
 C = Inter-level travel turns spent in this place as a percentage of turns spent in this place.
 D = Turns resting spent in this place as a percentage of non-inter-level travel turns spent in this place.
 E = Turns spent auto-exploring this place as a percentage of non-inter-level travel turns spent in this place.
 F = Non-inter-level travel turns spent in this place divided by the number of levels of this place that you've seen.
                   A       B       C       D       E      F
               +-------+-------+-------+-------+-------+----------------------
         Total | 100.0 | 100.0 |   0.0 |   0.0 |   1.6 | 123.0
       Dungeon | 100.0 | 100.0 |   0.0 |   0.0 |   1.6 | 123.0
               +-------+-------+-------+-------+-------+----------------------

Table legend:
 A = Kills in this place as a percentage of kills in entire the game.
 B = Kills by you in this place as a percentage of kills by you in the entire game.
 C = Kills by friends in this place as a percentage of kills by friends in the entire game.
 D = Other kills in this place as a percentage of other kills in the entire game.
 E = Experience gained in this place as a percentage of experience gained in the entire game.
 F = Experience gained in this place divided by the number of levels of this place that you have seen.
                   A       B       C       D       E      F
               +-------+-------+-------+-------+-------+----------------------
         Total | 100.0 | 100.0 |  -nan |  -nan | 100.0 |   5.0
       Dungeon | 100.0 | 100.0 |  -nan |  -nan | 100.0 |   5.0
               +-------+-------+-------+-------+-------+----------------------
